 Dungeon Crawl Stone Soup version 0.18.0-2-g198d6d4 (webtiles) character file.

11315 imoen the Martial Artist (level 11, -24/62 HPs)
             Began as a Vine Stalker Monk on May 5, 2016.
             Was an Elder of Cheibriados.
             Killed from afar by Josephine (27 damage)
             ... with a ghostly fireball
             ... on level 11 of the Dungeon.
             The game lasted 00:51:57 (6125 turns).

imoen the Martial Artist (Vine Stalker Monk)        Turns: 6125, Time: 00:51:58

Health: -24/62     AC:  9    Str: 17 (20) XL:     11   Next: 75%
Magic:  0/18       EV: 13    Int: 18 (19) God:    Cheibriados [****..]
Gold:   380        SH:  0    Dex: 30      Spells: 0 memorised, 10 levels left

rFire  + . .     SeeInvis +       - Unarmed
rCold  . . .     Gourm    .     c - +0 chain mail
rNeg   . . .     Faith    .     (no shield)
rPois  .         Spirit   +     (no helmet)
rElec  .         Dismiss  .     M - +0 cloak
rCorr  .         Reflect  .     (no gloves)
SustAt .         Harm     .     (no boots)
MR     +....     Rnd*Rage +     (no amulet)
Stlth  +.........               T - ring of protection from fire (curse)
                                g - ring of stealth

@: lethally poisoned (-24 -> -24), exhausted, very slightly contaminated, very
slow, somewhat resistant to hostile enchantments, very unstealthy
A: fangs 3, see invisible, agile 1, berserk 1, regeneration 2, weak 2, wild
magic 1, magic shield, antimagic bite, no device heal 3, rot immunity
a: Bend Time, Temporal Distortion, Slouch, Renounce Religion


You were on level 11 of the Dungeon.
You worshipped Cheibriados.
Cheibriados was greatly pleased with you.
You were hungry.

You visited 2 branches of the dungeon, and saw 13 of its levels.
You also visited: Ossuary.

You collected 485 gold pieces.
You spent 105 gold pieces at shops.

Inventory:

Hand Weapons
 y - a +1 blowgun
   (You found it on level 4 of the Dungeon)
Missiles
 D - 5 javelins (quivered)
 Q - 2 throwing nets
Armour
 a - a +0 robe
 c - a +0 chain mail (worn)
   (You found it on level 1 of the Dungeon)
 M - a +0 cloak (worn)
   (You found it on level 8 of the Dungeon)
 S - a +1 cloak
   (You took it off Maurice on level 11 of the Dungeon)
Jewellery
 g - a ring of stealth (left hand)
   (You found it on level 1 of the Dungeon)
 T - a cursed ring of protection from fire (right hand)
   (You found it on level 11 of the Dungeon)
Wands
 e - a wand of teleportation (2/9)
   (You found it on level 8 of the Dungeon)
 v - a wand of confusion (1/48)
   (You found it on level 5 of the Dungeon)
 z - a wand of lightning (6/15)
   (You found it on level 6 of the Dungeon)
 C - a wand of digging (10/24)
   (You found it on level 6 of the Dungeon)
 J - a wand of flame (30/48)
   (You found it on level 10 of the Dungeon)
 P - a wand of lightning (8/15)
   (You found it on level 10 of the Dungeon)
Scrolls
 h - a scroll of magic mapping
 j - a scroll of teleportation
 n - 3 scrolls of remove curse
 u - 2 scrolls of immolation
 w - a scroll of enchant weapon
 A - a scroll of fog
 E - 3 scrolls of recharging
 L - a scroll of amnesia
Potions
 f - a potion of might {unknown}
 k - 3 potions of curing
 m - a potion of agility {unknown}
 o - a potion of flight {unknown}
 p - a potion of cure mutation {unknown}
 r - 3 potions of lignification {unknown}
 x - 2 potions of berserk rage {unknown}
 F - a potion of beneficial mutation {unknown}
 H - 2 potions of ambrosia
 N - a potion of cancellation {unknown}
Books
 t - a book of Annihilations
   (You found it on level 4 of the Dungeon)
Comestibles
 b - 7 bread rations
 d - 6 fruits
 s - 6 meat rations
 G - 3 beef jerkies
 I - 17 royal jellies
 O - a slice of pizza
 R - 3 chunks of flesh


   Skills:
 - Level 9.0 Fighting
 - Level 7.2 Dodging
 - Level 2.4 Stealth
 + Level 11.0 Unarmed Combat
 - Level 9.0 Invocations


You had 10 spell levels left.
You didn't know any spells.

Dungeon Overview and Level Annotations

Branches:
Dungeon (12/15)            Temple (1/1) D:6
   Lair: D:8-11         Orc: D:9-12

Altars:
Cheibriados
Dithmenos
Fedhas
Gozag
Kikubaaqudgha
Nemelex Xobeh
Okawaru
Pakellas
Qazlal
Ru
Trog
Vehumet
Xom
Zin
The Shining One

Shops:
D:4 =   D:6 *   D:7 [   D:8 ![   D:10 %

Annotations:
D:5 exclusion: upstairs
D:11 Josephine
D:12 Azrael


Innate Abilities, Weirdness & Mutations

You have razor-sharp teeth.
You heal very quickly.
When hurt, damage is shared between your health and your magic reserves.
Your bite disrupts and absorbs the magic of your enemies.
Potions and wands cannot restore your health.
You are immune to rotting.
You have supernaturally acute eyesight.
You are agile. (Dex +2)
You tend to lose your temper in combat.
You are very weak. (Str -4)
Your spells are a little harder to cast, but a little more powerful.


Message History

You drain its power.
You feel invigorated. The iguana closely misses you.
You now have 89/93 hp.
You punch the iguana!
You kill the iguana!
Cheibriados appreciates the change of pace.
You feel your dexterity returning.
You see here an iguana corpse.
You completely miss the giant gecko. You bite the giant gecko.
You drain its power.
You kill the giant gecko!
Cheibriados appreciates the change of pace.
You see here a giant gecko corpse.
Unknown command.
You feel a strong urge to attack something.
Health restored: 93 Unknown command.
A giant gecko comes into view.
Unknown command.
You feel your anger subside.
You are no longer berserk.
You are exhausted.
You feel yourself slow down.
You are feeling hungry.
You now have 62/62 hp.
The giant gecko bites you but does no damage.
You hit the giant gecko.
You kill the giant gecko!
Cheibriados thoroughly appreciates the change of pace.
A komodo dragon comes into view.
The komodo dragon hisses angrily.
A giant gecko comes into view.
Unknown command.
The flow of time bends around you.
Cheibriados rebukes the komodo dragon.
The komodo dragon seems to slow down.
You feel slightly more hungry. The komodo dragon bites you!!
You take 16 damage, and have 46/62 hp.
MASSIVE DAMAGE!!
You now have 12/18 mp.
You hit the komodo dragon but do no damage.
Your bite misses the komodo dragon. The komodo dragon closely misses you.
Unknown command.
Unknown command.
You hit the komodo dragon. You bite the komodo dragon. You drain its power.
You feel invigorated.
You regained 5 mp, and now have 17/18 mp.
Unknown command.
You punch the komodo dragon! Your bite misses the komodo dragon.
The komodo dragon bites you!!
* * * LOW HITPOINT WARNING * * *
You take 12 damage, and have 35/62 hp.
You now have 12/18 mp.
Unknown command.
You hit the komodo dragon.
You bite the komodo dragon, but do no damage.
The komodo dragon completely misses you.
Unknown command.
You hit the komodo dragon but do no damage.
Your bite misses the komodo dragon.
The komodo dragon is no longer moving slowly.
Unknown command.
You hit the komodo dragon. You bite the komodo dragon. You drain its power.
You feel invigorated. The komodo dragon bites you!!
* * * LOW HITPOINT WARNING * * *
The komodo dragon bites you!!
* * * LOW HITPOINT WARNING * * *
You take 34 damage, and have 2/62 hp.
MASSIVE DAMAGE!!
You now have 0/18 mp.
Read which item? (? for menu, Esc to quit)
Okay, then.
Drink which item? (? for menu, Esc to quit)
Okay, then.
Read which item? (? for menu, Esc to quit)
Blink to where?
You are very lightly contaminated with residual magic.
As you read the scroll of blinking, it crumbles to dust.
Unknown command.
Read which item? (? for menu, Esc to quit)
Okay, then.
Aim: a komodo dragon (translocational energy, heavily wounded, chance to defeat MR: 28%)
Okay, then.
Read which item? (? for menu, Esc to quit)
As you read the scroll of teleportation, it crumbles to dust.
You feel strangely unstable.
Drink which item? (? for menu, Esc to quit)
Okay, then.
Your surroundings suddenly seem different.
Josephine shouts!
Josephine hits you with a dagger of venom.
* * * LOW HITPOINT WARNING * * *
You are poisoned.
A centaur skeleton comes into view.
Unknown command.
Read which item? (? for menu, Esc to quit)
Blink to where?
As you read the scroll of blinking, it crumbles to dust.
You feel yourself speed up.
You feel sick.
Josephine points at you and mumbles some strange words.
The ghostly flame explodes!
The ghostly fireball engulfs you!
You die...

#.......... ..........#
#.#####+### ..........# #.#
..........# ..# ########..# . .#
#..# .. #..#### ... # #.....#
.... .#.###########.....# .....
.#..@..............# ......###
.#..(..............#
........####'#.................#
?..........Z...................#
$............######............#
..........W@.# ######.......#
...........W.# #.......#
.S.(.....##### #.......#
h§O......# #.......#


You could see Josephine and 2 wraiths.

Vanquished Creatures
  Erolcha (D:9)
  A centaur warrior (D:11)
  An unseen horror (D:10)
  A hill giant (D:10)
  Maurice (D:11)
  Joseph (D:8)
  A queen bee (D:10)
  2 two-headed ogres (D:11)
  A wraith (D:11)
  7 yaks
  3 hippogriffs
  A hungry ghost (D:8)
  A steam dragon (D:9)
  A water moccasin (D:9)
  2 soldier ants
  2 wasps
  2 black bears
  An eye of draining (D:9)
  2 ice beasts
  4 sky beasts
  A necrophage (D:9)
  5 ogres
  A crocodile (D:11)
  A centaur (D:8)
  A big kobold (D:10)
  9 giant frogs
  3 scorpions
  25 killer bees (D:10)
  3 wights (D:9)
  6 crimson imps
  3 centaur zombies
  2 giant frog zombies
  9 hounds
  5 jellies
  3 human zombies (Ossuary)
  5 orc priests
  2 orc wizards
  5 iguanas
  6 worker ants
  2 big kobold zombies (Ossuary)
  3 mummies
  3 gnolls
  A howler monkey skeleton (D:6)
  10 adders
  2 shadow imps
  4 worms
  2 dart slugs (D:1)
  4 giant geckos
  16 orcs
  2 ball pythons
  4 giant cockroaches
  2 goblins (D:1)
  3 hobgoblins
  4 jackals (D:1)
  2 quokkas
  A bat (D:1)
  A giant gecko skeleton (D:4)
  3 giant newts
  2 goblin zombies
  10 hobgoblin zombies (Ossuary)
  8 kobolds
  12 kobold zombies
  8 orc zombies (Ossuary)
  2 quokka zombies
  4 rats
246 creatures vanquished.

Notes
Turn   | Place    | Note
--------------------------------------------------------------
     0 | D:1      | imoen the Vine Stalker Monk began the quest for the Orb.
     0 | D:1      | Reached XP level 1. HP: 11/11 MP: 2/2
    47 | D:1      | Reached XP level 2. HP: 15/16 MP: 3/3
   203 | D:1      | Reached XP level 3. HP: 19/19 MP: 4/4
   236 | D:1      | Reached skill level 5 in Unarmed Combat
   368 | D:4      | Noticed an ogre
   459 | D:3      | Reached XP level 4. HP: 18/23 MP: 5/5
   732 | D:4      | Reached skill level 6 in Unarmed Combat
   809 | D:4      | Reached XP level 5. HP: 25/27 MP: 6/6
   872 | D:5      | Entered Level 5 of the Dungeon
   929 | D:5      | Noticed an ice beast
   948 | D:5      | Killed an ice beast
   948 | D:5      | Reached skill level 7 in Unarmed Combat
   948 | D:5      | Gained mutation: You heal very quickly. [Vine Stalker growth]
   948 | D:5      | Reached XP level 6. HP: 21/32 MP: 4/7
   974 | D:5      | Found a radiant altar of Vehumet.
  1029 | D:5      | Noticed a sky beast
  1042 | D:5      | HP: 5/32 [something (6)]
  1109 | D:5      | Killed a sky beast
  1109 | D:5      | Reached skill level 8 in Unarmed Combat
  1109 | D:5      | Reached XP level 7. HP: 15/35 MP: 8/8
  1175 | D:5      | Reached skill level 3 in Fighting
  1188 | D:5      | Found a glowing silver altar of Zin.
  1232 | D:5      | Found a blossoming altar of Fedhas.
  1456 | D:4      | Reached skill level 4 in Fighting
  1568 | D:4      | HP: 7/38 [ogre/giant club (14)]
  1864 | D:4      | Found Boguryej's Jewellery Boutique.
  1949 | D:4      | Reached skill level 5 in Fighting
  2123 | D:6      | Found Veiprism's Assorted Antiques.
  2131 | D:6      | Bought a scroll labeled FILOKHL DUMA for 35 gold pieces
  2131 | D:6      | Bought a scroll labeled BARRAIJET for 35 gold pieces
  2131 | D:6      | Bought a scroll labeled DORPHA TINURI for 35 gold pieces
  2219 | D:6      | Gained mutation: You have razor-sharp teeth. [Vine Stalker growth]
  2219 | D:6      | Reached XP level 8. HP: 39/43 MP: 9/9
  2285 | D:7      | Found Lisiuxkoudd's Armour Emporium.
  2408 | D:6      | Found a staircase to the Ecumenical Temple.
  2414 | Temple   | Entered the Ecumenical Temple
  2485 | Temple   | Became a worshipper of Cheibriados the Contemplative
  2485 | Temple   | Reached * piety under Cheibriados
  2485 | Temple   | Reached ** piety under Cheibriados
  2561 | D:6      | Reached skill level 6 in Fighting
  2727 | D:6      | HP: 10/45 [iguana (9)]
  2847 | D:7      | Reached skill level 7 in Fighting
  3102 | D:7      | Reached skill level 8 in Fighting
  3133 | D:8      | Noticed Joseph
  3209 | D:8      | Found Dedin's Armour Boutique.
  3246 | D:8      | Reached XP level 9. HP: 32/52 MP: 8/10
  3283 | D:8      | Found an oddly glowing altar of Pakellas.
  3398 | D:8      | Found Qidax's Distillery.
  3405 | D:8      | Reached skill level 9 in Fighting
  3422 | D:8      | Reached *** piety under Cheibriados
  3446 | D:8      | Found a sand-covered staircase.
  3453 | Ossuary  | Entered an ossuary
  3548 | Ossuary  | Reached skill level 1 in Invocations
  3567 | Ossuary  | Reached skill level 2 in Invocations
  3570 | Ossuary  | Reached **** piety under Cheibriados
  3685 | D:8      | Reached skill level 3 in Invocations
  3787 | D:8      | Killed Joseph
  3787 | D:8      | Reached skill level 5 in Invocations
  4085 | D:8      | Reached skill level 6 in Invocations
  4196 | D:9      | Reached skill level 7 in Invocations
  4196 | D:9      | Reached XP level 10. HP: 45/58 MP: 16/16
  4206 | D:9      | Gained mutation: You are clumsy. (Dex -2) [mutagenic meat]
  4207 | D:9      | Gained mutation: You are weak. (Str -2) [mutagenic meat]
  4391 | D:9      | Reached skill level 8 in Invocations
  4394 | D:9      | Found a sparkling altar of Nemelex Xobeh.
  4460 | D:9      | Found an iron altar of Okawaru.
  4610 | D:9      | Paralysed by a wasp for 1 turns
  4619 | D:9      | Reached skill level 9 in Invocations
  4741 | D:9      | Reached skill level 3 in Dodging
  4776 | D:9      | Noticed Erolcha
  4787 | D:9      | Killed Erolcha
  4787 | D:9      | Reached skill level 5 in Dodging
  4814 | D:9      | Found an opulent altar of Gozag.
  4965 | D:10     | Entered Level 10 of the Dungeon
  4993 | D:10     | Reached ***** piety under Cheibriados
  4993 | D:10     | Reached skill level 6 in Dodging
  4999 | D:10     | Reached XP level 11. HP: 62/62 MP: 18/18
  5013 | D:10     | Reached skill level 7 in Dodging
  5439 | D:10     | Killed an unseen horror
  5547 | D:10     | Noticed a hill giant
  5556 | D:10     | Killed a hill giant
  5556 | D:10     | Reached skill level 9 in Unarmed Combat
  5566 | D:10     | Found Banydune's Food Emporium.
  5655 | D:11     | Noticed Maurice
  5656 | D:11     | Noticed a centaur warrior
  5671 | D:11     | Killed Maurice
  5688 | D:11     | Killed a centaur warrior
  5688 | D:11     | Reached skill level 10 in Unarmed Combat
  5765 | D:11     | Noticed Josephine
  5777 | D:12     | Noticed Azrael
  5895 | D:11     | Gained mutation: You are very weak. (Str -4) [potion of mutation]
  5895 | D:11     | Lost mutation: You are clumsy. (Dex -2) [potion of mutation]
  5895 | D:11     | Gained mutation: You are agile. (Dex +2) [potion of mutation]
  5896 | D:11     | Gained mutation: You tend to lose your temper in combat. [potion of mutation]
  5896 | D:11     | Gained mutation: You have supernaturally acute eyesight. [potion of mutation]
  5897 | D:11     | Gained mutation: Your spells are a little harder to cast, but a little more powerful. [potion of mutation]
  6088 | D:11     | Reached skill level 11 in Unarmed Combat
  6121 | D:11     | HP: 2/62 [komodo dragon (16)]
  6125 | D:11     | Killed from afar by Josephine

Skill      XL: |  1  2  3  4  5  6  7  8  9 10 11 |
---------------+----------------------------------+-----
Unarmed Combat | 5 6 7 8 11 | 11.0
Fighting       | 5 8 9 |  9.0
Invocations    | 7 9 |  9.0
Dodging        | 6 7 |  7.2
Stealth        | |  2.4

Action                   |  1- 3 |  4- 6 |  7- 9 | 10-12 || total
-------------------------+-------+-------+-------+-------++-------
Melee: Unarmed           |    96 |   111 |   335 |   287 ||   829
       Bite              |    29 |    40 |   156 |   166 ||   391
       Punch             |       |     4 |    14 |    25 ||    43
Invok: Bend Time         |       |       |     1 |     8 ||     9
       Slouch            |       |       |       |     5 ||     5
       Temporal Distorti |       |       |       |     1 ||     1
Evoke: Wand              |       |       |     2 |     5 ||     7
  Use: Scroll            |       |       |    18 |     7 ||    25
       Potion            |       |       |     1 |     7 ||     8
 Stab: Sleeping          |     1 |       |       |       ||     1
       Confused          |       |       |     4 |     1 ||     5
       Distracted        |       |       |     1 |     1 ||     2
  Eat: Chunk             |       |     1 |     7 |     9 ||    17
       Pizza             |       |     1 |       |       ||     1
Armor: Chain mail        |    37 |    57 |   115 |    94 ||   303
       Robe              |     3 |       |       |       ||     3
Dodge: Dodged            |    38 |    19 |   136 |   177 ||   370

Vault maps used:
D:1:      dpeg_arrival_rhombus, serial_glass, glass_columns_b, glass_columns_a,
          glass_columns_b, glass_columns_a, glass_columns_a
D:2:      lemuel_blue_sif_altar, ecumenical_altar_2, uniq_terence
D:4:      serial_shops, shop, first_bread, hangedman_decor_opposing
D:5:      old_standard_altar, overflow_temple_1_default, lemuel_round_altar
D:6:      temple_green, serial_shops, shop
D:7:      serial_shops, shop
D:8:      grunt_pakellas_basics, serial_shops, shop, shop,
          nicolae_ossuary_entry_giza, uniq_joseph
D:9:      lemuel_round_altar, lemuel_coloured_pillars_altar, old_standard_altar,
          hangedman_pestilent_swarm, uniq_erolcha
D:10:     serial_shops, kennysheep_mini
D:11:     erik_lair_dragon, uniq_maurice, uniq_psyche, uniq_josephine
D:12:     orc_0_dummy, lab_entry_generic, serial_shops, nicolae_shop_trees,
          uniq_sonja, uniq_nessos, uniq_azrael
Temple:   hc_temple_tempest_star
Ossuary:  ossuary_tomb_1

Table legend:
 A = Turns spent in this place as a percentage of turns spent in the entire game.
 B = Non-inter-level travel turns spent in this place as a percentage of non-inter-level travel turns spent in the entire game.
 C = Inter-level travel turns spent in this place as a percentage of turns spent in this place.
 D = Turns resting spent in this place as a percentage of non-inter-level travel turns spent in this place.
 E = Turns spent auto-exploring this place as a percentage of non-inter-level travel turns spent in this place.
 F = Non-inter-level travel turns spent in this place divided by the number of levels of this place that you've seen.
                   A       B       C       D       E      F
               +-------+-------+-------+-------+-------+----------------------
         Total | 100.0 | 100.0 |   0.8 |   0.1 |   0.4 | 338.6
       Dungeon |  94.6 |  94.6 |   0.9 |   0.1 |   0.4 | 373.8
        Temple |   1.0 |   1.0 |   2.0 |   0.0 |   0.0 |  48.0
       Ossuary |   4.3 |   4.4 |   0.0 |   0.0 |   1.0 | 207.0
               +-------+-------+-------+-------+-------+----------------------

Table legend:
 A = Kills in this place as a percentage of kills in entire the game.
 B = Kills by you in this place as a percentage of kills by you in the entire game.
 C = Kills by friends in this place as a percentage of kills by friends in the entire game.
 D = Other kills in this place as a percentage of other kills in the entire game.
 E = Experience gained in this place as a percentage of experience gained in the entire game.
 F = Experience gained in this place divided by the number of levels of this place that you have seen.
                   A       B       C       D       E      F
               +-------+-------+-------+-------+-------+----------------------
         Total | 100.0 | 100.0 |  -nan |  -nan | 100.0 | 1154.6
       Dungeon |  84.1 |  84.1 |  -nan |  -nan |  97.9 | 1318.4
       Ossuary |  15.9 |  15.9 |  -nan |  -nan |   2.1 | 344.0
               +-------+-------+-------+-------+-------+----------------------
